AoeStats
← miguelon01

Arabian Desert

509354718Analyzed
1v1 RM · 5d ago on Sep 26, 2026· 25m 45s· 2 players
Game mode
Random Map
Map size
Tiny (2 player)
Population
200
Speed
Normal
Resources
Standard
Victory
Conquest
Starting age
Dark Age
Ending age
Imperial Age
RankedLock teamsTeams togetherTeam positionsShared explorationLock speedFull tech treeHidden civsTurbo modeCheats
Victory
Defeat
🇩🇪 Ethiopians · Germany
976
+17
🇧🇷 Dravidians · Brazil
992
-17
xSercho
8:34 Loom
10:19 Feudal Age
11:51 Double-Bit Axe
19:35 Castle Age
18:01 Fletching
18:11 Padded Archer Armor
19:40 Crossbowman
20:20 Bodkin Arrow
20:57 Gold Mining
24:42 Scale Barding Armor
miguelon01
11:42 Feudal Age
14:03 Loom
15:11 Double-Bit Axe
19:58 Castle Age
22:59 Elite Skirmisher
Connection lost

Rejoining the realm…

Still unreachable

The connection could not be restored.

Session expired

The server has moved on; the page needs a fresh start.